[Event "Titled Tuesday Blitz April 25 Late 2023"]
[White "Ehlvest, Jaan"]
[Black "Bitoon, Richard"]
[WhiteFideId "4500016"]
[BlackFideId "5201110"]
[WhiteElo "2442"]
[BlackElo "2374"]
[Result "1-0"]
[Round "08"]
[TimeControl "180+2"]
[Date "2023.04.25"]
[WhiteClock "0:00:09"]
[BlackClock "0:00:07"]

1. e4 e5 2. Nf3 Nc6 3. Bb5 a6 4. Bxc6 dxc6 5. Nc3 f6 6. d4 exd4 7. Qxd4 Qxd4 8. Nxd4 Bd7 9. f3 O-O-O 10. h4 Ne7 11. h5 c5 12. Nde2 f5 13. h6 g6 14. Bg5 Re8 15. O-O-O Bc6 16. Bf6 Rg8 17. e5 g5 18. Ng3 g4 19. f4 Bxg2 20. Rh2 Bf3 21. Rdd2 Rg6 22. Bg5 Bc6 23. Rh5 Bd7 24. Rdh2 Nc6 25. Nd5 Nd4 26. Nf6 Re7 27. Nxd7 Rxd7 28. Rh1 Rf7 29. Rd1 b6 30. c3 Ne6 31. Rf1 Kb7 32. Bf6 Bxh6 33. Rxh6 Rxh6 34. Nxf5 Rh2 35. Ne3 g3 36. f5 g2 37. Nxg2 Rxg2 38. fxe6 Rf8 39. e7 Re8 40. Rh1 Kc6 41. Rxh7 Kd7 42. Rh1 Ke6 43. Rd1 b5 44. Rd8 Rgg8 45. Kd2 Kf7 46. Ke3 Rg3+ 47. Kf4 Rgg8 48. Kf5 Rgf8 49. e6+ Kg8 50. Kg6 Rxd8 51. exd8=Q Rxd8 52. Bxd8 Kf8 53. Kf6 Ke8 54. Bxc7 b4 55. Bd6 c4 56. Bxb4 a5 57. e7 a4 58. a3 Kd7 59. Kf7 Kc6 60. e8=Q+ Kd5 61. Qe6# 1-0


[Site "https://www.chess.com"]

[Event "Titled Tuesday Blitz April 25 Late 2023"]
[White "Oro, Faustino"]
[Black "Kovalevsky, Stanislav"]
[WhiteFideId "20000197"]
[BlackFideId "13508598"]
[WhiteElo "1984"]
[BlackElo "2174"]
[Result "1-0"]
[Round "08"]
[TimeControl "180+2"]
[Date "2023.04.25"]
[WhiteClock "0:00:05"]
[BlackClock "0:00:01"]

1. e4 e6 2. d4 d5 3. Nd2 dxe4 4. Nxe4 Nf6 5. Nxf6+ gxf6 6. Nf3 Nc6 7. c3 Ne7 8. Bf4 Bd7 9. Bg3 Bc6 10. Bd3 h5 11. h3 Rg8 12. Qe2 Qd5 13. Nh4 O-O-O 14. Bc4 Qe4 15. O-O-O Bh6+ 16. Rd2 Qxe2 17. Bxe2 Bxd2+ 18. Kxd2 e5 19. Bxh5 exd4 20. c4 Ng6 21. Nf5 Rge8 22. Nh6 Bxg2 23. Rg1 Bxh3 24. Nxf7 Bf5 25. Nxd8 Rxd8 26. Bh2 Ne5 27. Bxe5 fxe5 28. Rg5 Bb1 29. Rxe5 Bxa2 30. c5 c6 31. Bg4+ Kb8 32. b4 a6 33. f4 Bc4 34. f5 Rg8 35. Re4 Bd5 36. Rxd4 Re8 37. Rf4 Kc7 38. f6 Rf8 39. Ke3 Kd8 40. Kd4 Ke8 41. Ke5 Kd8 42. Bh5 Kd7 43. Rg4 Kc7 44. Rg7+ Kc8 45. Re7 Kb8 46. f7 1-0


[Site "https://www.chess.com"]

[Event "Titled Tuesday Blitz April 25 Late 2023"]
[White "Gonzalez Zamora, Juan Carlos"]
[Black "Bilych, Olexiy"]
[WhiteFideId "3507548"]
[BlackFideId "14156504"]
[WhiteElo "2535"]
[BlackElo "2320"]
[Result "0-1"]
[Round "08"]
[TimeControl "180+2"]
[Date "2023.04.25"]
[WhiteClock "0:00:06"]
[BlackClock "0:00:24"]

1. e4 c5 2. Nf3 d6 3. d4 cxd4 4. Qxd4 Nc6 5. Bb5 a6 6. Bxc6+ bxc6 7. c4 e5 8. Qe3 Qc7 9. O-O Nf6 10. h3 Be7 11. Nc3 Be6 12. b3 h6 13. Bb2 O-O 14. Rfd1 Nd7 15. Rac1 Qa7 16. Qxa7 Rxa7 17. Ba3 c5 18. Rc2 Rb8 19. Nd2 Rc8 20. Nf1 Nb8 21. Ne3 Nc6 22. Ncd5 Nd4 23. Nxe7+ Rxe7 24. Rcd2 a5 25. Bb2 a4 26. b4 cxb4 27. Bxd4 exd4 28. Rxd4 Rec7 29. Rb1 Rb8 30. f4 f6 31. Kf2 b3 32. axb3 Rxb3 33. Ra1 a3 34. Ke2 Rb2+ 35. Kf3 a2 36. f5 Bf7 37. Rxd6 Bxc4 38. Nxc4 Rxc4 39. g4 Rc3+ 40. Kf4 Rf2# 0-1


[Site "https://www.chess.com"]

[Event "Titled Tuesday Blitz April 25 Late 2023"]
[White "Silva, Miguel Antonio Neto"]
[Black "Averjanov, Alexey"]
[WhiteFideId "1911929"]
[BlackFideId "14109867"]
[WhiteElo "2223"]
[BlackElo "2399"]
[Result "1/2-1/2"]
[Round "08"]
[TimeControl "180+2"]
[Date "2023.04.25"]
[WhiteClock "0:00:14"]
[BlackClock "0:00:32"]

1. Nf3 d5 2. b3 Nf6 3. Bb2 e6 4. e3 Be7 5. Be2 O-O 6. O-O b6 7. d3 Bb7 8. Ne5 c5 9. Nd2 Nc6 10. f4 d4 11. Nxc6 Bxc6 12. e4 Nd7 13. f5 exf5 14. Rxf5 Bd6 15. Nc4 Qc7 16. Nxd6 Qxd6 17. Bc1 Ne5 18. Bf4 f6 19. Bg3 Bd7 20. Rf2 g6 21. Qd2 Kg7 22. Raf1 Rf7 23. Bxe5 Qxe5 24. Qf4 Raf8 25. Bg4 Qxf4 26. Rxf4 Bxg4 27. Rxg4 f5 28. exf5 Rxf5 29. Rxf5 Rxf5 30. Re4 Kf6 31. g3 Re5 32. Rf4+ Rf5 33. Re4 g5 34. Kg2 Re5 35. Kf3 h5 36. h3 b5 37. Rxe5 Kxe5 38. h4 g4+ 39. Ke2 Kd5 40. Kd2 Kc6 41. a3 Kb6 42. Kc1 a6 43. Kb2 a5 44. a4 bxa4 45. bxa4 c4 46. dxc4 Kc6 47. Ka3 Kd6 48. Ka2 Kc5 49. Kb3 Kc6 50. Kb2 Kb6 51. Ka3 Kb7 52. Kb3 Kc6 53. Kb2 Kd6 54. Ka2 Ke6 55. Kb2 Kd6 56. Ka2 1/2-1/2


[Site "https://www.chess.com"]

[Event "Titled Tuesday Blitz April 25 Late 2023"]
[White "Hansen, Eric"]
[Black "Baltic, Fatih"]
[WhiteFideId "2606771"]
[BlackFideId "12979090"]
[WhiteElo "2561"]
[BlackElo "2200"]
[Result "1-0"]
[Round "08"]
[TimeControl "180+2"]
[Date "2023.04.25"]
[WhiteClock "0:00:21"]
[BlackClock "0:01:18"]

1. e4 d6 2. d4 Nf6 3. Nc3 g6 4. Be3 Bg7 5. Qd2 h6 6. f3 Nbd7 7. O-O-O a6 8. e5 Ng8 9. f4 e6 10. Nf3 d5 11. Ne2 Ne7 12. g4 h5 13. gxh5 Rxh5 14. Ng3 Rh8 15. h4 Nf5 16. Nxf5 exf5 17. h5 gxh5 18. Qg2 Bf8 19. Ng5 Nb6 20. Be2 h4 21. Bf2 h3 22. Rxh3 Rxh3 23. Qxh3 Qe7 24. Qh7 Be6 25. Bh4 Qd7 26. Bh5 O-O-O 27. Bxf7 Bxf7 28. Qxf7 Qxf7 29. Nxf7 Re8 30. Rg1 Nd7 31. Rg8 c5 32. Nd6+ 1-0


[Site "https://www.chess.com"]

[Event "Titled Tuesday Blitz April 25 Late 2023"]
[White "Kavutskiy, Konstantin"]
[Black "Demchenko, Anton"]
[WhiteFideId "2026384"]
[BlackFideId "4160258"]
[WhiteElo "2323"]
[BlackElo "2545"]
[Result "1/2-1/2"]
[Round "08"]
[TimeControl "180+2"]
[Date "2023.04.25"]
[WhiteClock "0:00:07"]
[BlackClock "0:00:11"]

1. d4 Nf6 2. Bg5 g6 3. Bxf6 exf6 4. c4 d5 5. cxd5 Qxd5 6. Nc3 Qd8 7. e3 c6 8. g3 Bd6 9. Bg2 Nd7 10. Nge2 f5 11. O-O Nf6 12. Rb1 Qe7 13. Qa4 O-O 14. b4 a6 15. Nf4 Bxf4 16. exf4 Be6 17. Rbd1 Rad8 18. Rfe1 Qd6 19. Qa5 Nd5 20. Nxd5 Bxd5 21. Bxd5 Qxd5 22. Qxd5 Rxd5 23. Re7 Rb5 24. a3 Rd8 25. Kf1 Kf8 26. Rc7 Re8 27. d5 cxd5 28. Rd7 a5 29. R1xd5 Rxd5 30. Rxd5 axb4 31. axb4 Re6 32. Rb5 b6 33. h4 h5 34. Rd5 Ke7 35. Kg2 Rd6 36. Re5+ Kd7 37. Kf3 Rd4 38. b5 Rb4 39. Rd5+ Ke7 40. Ke3 f6 41. Kf3 Ke6 42. Rd8 Rxb5 43. Rg8 Kf7 44. Rb8 Rb3+ 45. Kg2 b5 46. Rb7+ Kg8 47. Kg1 b4 48. Kg2 Rb1 49. Kh2 b3 50. Kg2 b2 51. Kh2 Kf8 52. Kg2 Ke8 53. Kh2 Kd8 54. Kg2 Kc8 55. Rb3 Kc7 56. Rb4 Kc6 57. Rb8 Kc5 58. Rb7 Kd4 59. Rb8 Ke4 60. Re8+ Kd5 61. Rd8+ Ke6 62. Rb8 Kf7 63. Rb7+ Kf8 64. Kh2 Ke8 65. Kg2 Kd8 66. Rb4 Kc7 67. Rb3 Kc6 68. Rb8 Kd5 69. Rb7 Ke4 70. Re7+ Kd3 71. Rd7+ Kc4 72. Rc7+ Kb5 73. Rb7+ Kc6 74. Rb8 1/2-1/2


[Site "https://www.chess.com"]

[Event "Titled Tuesday Blitz April 25 Late 2023"]
[White "Quesada Perez, Yasser"]
[Black "Kepeshchuk, Mykhaylo"]
[WhiteFideId "3509362"]
[BlackFideId "14113139"]
[WhiteElo "2496"]
[BlackElo "2279"]
[Result "1-0"]
[Round "08"]
[TimeControl "180+2"]
[Date "2023.04.25"]
[WhiteClock "0:01:44"]
[BlackClock "0:01:31"]

1. e4 c5 2. Nf3 d6 3. c3 Nf6 4. h3 g6 5. Bd3 Bg7 6. Bc2 O-O 7. d4 cxd4 8. cxd4 d5 9. e5 Ne4 10. Nbd2 Nxd2 11. Bxd2 Nc6 12. O-O Bf5 13. Bxf5 gxf5 14. Re1 e6 15. Bg5 Qb6 16. Qd2 Rae8 17. Bf6 Bxf6 18. exf6 Kh8 19. Qh6 Rg8 20. Ng5 Rxg5 21. Qxg5 Rg8 22. Qh5 Nxd4 23. Rac1 Qd8 24. Qxf7 Nf3+ 25. Kh1 Nxe1 26. Rc7 1-0


[Site "https://www.chess.com"]

[Event "Titled Tuesday Blitz April 25 Late 2023"]
[White "Indjic, Aleksandar"]
[Black "Kuzmin, Roman"]
[WhiteFideId "911925"]
[BlackFideId "44134932"]
[WhiteElo "2614"]
[BlackElo "2192"]
[Result "1-0"]
[Round "08"]
[TimeControl "180+2"]
[Date "2023.04.25"]
[WhiteClock "0:00:14"]
[BlackClock "0:00:02"]

1. e4 c5 2. Nf3 d6 3. d4 cxd4 4. Nxd4 Nf6 5. Nc3 a6 6. h3 e6 7. g4 h6 8. Bg2 Nc6 9. Be3 Be7 10. Qe2 g5 11. O-O-O Ne5 12. f4 gxf4 13. Bxf4 Nfd7 14. Kb1 Qc7 15. Nf5 exf5 16. Nd5 Qa5 17. exf5 f6 18. h4 Rg8 19. g5 hxg5 20. hxg5 fxg5 21. Bg3 g4 22. Rh7 Bd8 23. Rxd7 Kxd7 24. Bxe5 Re8 25. Qxg4 Rxe5 26. f6+ Kc6 27. Qg7 Bd7 28. b4 Qa3 29. f7 Bg5 30. f8=Q Rxf8 31. Qxf8 Bd2 32. Qf2 Rxd5 33. Bxd5+ Kxd5 34. Qxd2+ Kc6 35. Qxd6+ Kb5 36. Qc5+ Ka4 37. Qa5# 1-0


[Site "https://www.chess.com"]

[Event "Titled Tuesday Blitz April 25 Late 2023"]
[White "Bartel, Mateusz"]
[Black "Musovic, Armin"]
[WhiteFideId "1112635"]
[BlackFideId "939935"]
[WhiteElo "2521"]
[BlackElo "2322"]
[Result "1-0"]
[Round "08"]
[TimeControl "180+2"]
[Date "2023.04.25"]
[WhiteClock "0:00:20"]
[BlackClock "0:00:02"]

1. b4 Nf6 2. Bb2 d5 3. Nf3 Bg4 4. e3 e6 5. a3 c6 6. d3 Bd6 7. Nbd2 O-O 8. h3 Bh5 9. g4 Bg6 10. h4 h5 11. gxh5 Bxh5 12. Rg1 Nbd7 13. Be2 Re8 14. Ng5 Bxe2 15. Qxe2 Be5 16. Bxe5 Nxe5 17. f4 Ned7 18. h5 e5 19. f5 e4 20. d4 Kf8 21. c4 Nb6 22. c5 Na4 23. Qh2 Qb8 24. Qh4 Nb2 25. h6 gxh6 26. Qxh6+ Ke7 27. Nxf7 Rg8 28. Ke2 Kxf7 29. Rg6 Rxg6 30. Qxg6+ Ke7 31. Qg7+ Ke8 32. Rh1 Kd8 33. Qxf6+ Kc7 34. Rh7+ Kc8 35. Qf8# 1-0


[Site "https://www.chess.com"]

[Event "Titled Tuesday Blitz April 25 Late 2023"]
[White "Baskakov, Egor"]
[Black "Novikov, Evgenij"]
[WhiteFideId "24197866"]
[BlackFideId "4125380"]
[WhiteElo "2212"]
[BlackElo "2242"]
[Result "1-0"]
[Round "08"]
[TimeControl "180+2"]
[Date "2023.04.25"]
[WhiteClock "0:02:16"]
[BlackClock "0:00:52"]

1. e4 c6 2. d4 d5 3. e5 c5 4. c4 cxd4 5. Nf3 Nc6 6. Nxd4 Nxe5 7. cxd5 Nf6 8. Nc3 g6 9. Bb5+ Bd7 10. Qe2 Qb8 11. O-O a6 12. Bf4 Nfg4 13. Bxd7+ Kxd7 14. h3 g5 15. Bg3 Bg7 16. hxg4 1-0


[Site "https://www.chess.com"]

[Event "Titled Tuesday Blitz April 25 Late 2023"]
[White "Smirnov, Pavel"]
[Black "Jimenez Almeida, Luis David"]
[WhiteFideId "4123425"]
[BlackFideId "22242244"]
[WhiteElo "2519"]
[BlackElo "2245"]
[Result "1-0"]
[Round "08"]
[TimeControl "180+2"]
[Date "2023.04.25"]
[WhiteClock "0:02:15"]
[BlackClock "0:00:29"]

1. d4 g6 2. c4 Bg7 3. e4 c5 4. d5 b5 5. Nc3 b4 6. Nb1 d6 7. Bd3 a5 8. Ne2 a4 9. O-O Nf6 10. f4 Nfd7 11. a3 Nb6 12. Kh1 O-O 13. Nd2 e6 14. Nf3 exd5 15. exd5 Ba6 16. axb4 cxb4 17. f5 Bxc4 18. Bxc4 Nxc4 19. Rxa4 Rxa4 20. Qxa4 Qa5 21. Qxa5 Nxa5 22. Bf4 Rd8 23. fxg6 hxg6 24. Ng5 Bf6 25. Ne4 Be7 26. Nd4 Nc4 27. b3 Ne5 28. h3 Rc8 29. Nb5 Rd8 30. Nbxd6 Bxd6 31. Nxd6 Rxd6 32. Bxe5 Rb6 33. Bc7 Rb7 34. d6 Nd7 35. Re1 Kf8 36. Re7 Nf6 37. d7 Nxd7 38. Rxd7 Ke8 39. Rd8+ Ke7 40. Rc8 Kd7 41. Rf8 Kxc7 42. Rxf7+ Kc6 43. Rxb7 Kxb7 44. h4 Kc6 45. g4 Kd5 46. Kg2 Ke4 47. Kg3 Kd3 48. h5 1-0


[Site "https://www.chess.com"]

[Event "Titled Tuesday Blitz April 25 Late 2023"]
[White "Leitao, Rafael"]
[Black "Karamsetty, Jeevan"]
[WhiteFideId "2101246"]
[BlackFideId "2025337"]
[WhiteElo "2609"]
[BlackElo "2111"]
[Result "1-0"]
[Round "08"]
[TimeControl "180+2"]
[Date "2023.04.25"]
[WhiteClock "0:00:23"]
[BlackClock "0:00:09"]

1. c4 g6 2. g3 Bg7 3. Bg2 d6 4. Nc3 Nf6 5. Nf3 O-O 6. O-O c6 7. d4 Bf5 8. Nh4 Be6 9. Qd3 d5 10. b3 Na6 11. cxd5 Nb4 12. Qd2 Nfxd5 13. Nxd5 Nxd5 14. Bb2 Nb6 15. Rad1 Qd7 16. e4 Rad8 17. Qa5 Nc8 18. Nf3 Bh3 19. Rfe1 Bxg2 20. Kxg2 b6 21. Qg5 h6 22. Qf4 f5 23. Ne5 Qe6 24. d5 cxd5 25. exd5 Rxd5 26. Qc4 Rd6 27. Rxd6 Qxc4 28. Nxc4 Nxd6 29. Bxg7 Kxg7 30. Rxe7+ Rf7 31. Rxf7+ Nxf7 32. Kf3 Kf6 33. Ke3 Ne5 34. Nd6 Ng4+ 35. Ke2 Nxh2 36. Nc8 Ke6 37. Nxa7 Kd6 38. Nc8+ Kc7 39. Ne7 g5 40. Nxf5 Ng4 41. f3 Ne5 42. Nxh6 Nc6 43. Nf7 Nb4 44. a3 Nd5 45. Nxg5 Kd6 46. Ne4+ Ke5 47. Kd3 Ne7 48. Kc4 Nf5 49. Kb5 Nd4+ 50. Kxb6 Nxf3 51. Nc5 Nd4 52. a4 Kd5 53. a5 Kd6 54. a6 Nc6 55. a7 Nxa7 56. Kxa7 Kxc5 57. g4 Kb4 58. g5 Kxb3 59. g6 Kc4 60. g7 Kd5 61. g8=Q+ 1-0


[Site "https://www.chess.com"]

[Event "Titled Tuesday Blitz April 25 Late 2023"]
[White "Aggelis, Nikolaos"]
[Black "Sieciechowicz, Marcin"]
[WhiteFideId "4213220"]
[BlackFideId "1130170"]
[WhiteElo "2189"]
[BlackElo "2302"]
[Result "0-1"]
[Round "08"]
[TimeControl "180+2"]
[Date "2023.04.25"]
[WhiteClock "0:00:01"]
[BlackClock "0:00:05"]

1. c4 Nf6 2. g3 g6 3. Bg2 Bg7 4. Nf3 O-O 5. O-O d6 6. b3 Ne4 7. d4 c5 8. Bb2 Nc6 9. Nbd2 Bf5 10. Nh4 Nxd2 11. Nxf5 Nxf1 12. Nxg7 cxd4 13. Kxf1 Kxg7 14. e3 e5 15. Bxc6 bxc6 16. exd4 f6 17. Kg1 e4 18. d5 c5 19. Qg4 Qe7 20. Re1 Rae8 21. Re3 Kg8 22. h4 Qf7 23. Qf4 Qe7 24. f3 Qd7 25. Rxe4 Rxe4 26. fxe4 Qe7 27. Kf2 Re8 28. Kf3 f5 29. e5 dxe5 30. Qe3 Qd6 31. Kg2 a5 32. Ba3 Rc8 33. Bb2 a4 34. Bxe5 Re8 35. Bxd6 Rxe3 36. Bxc5 axb3 37. axb3 Rxb3 38. Be7 Kf7 39. d6 Rc3 40. c5 Rxc5 41. Kf3 Rc4 42. Kf2 Ke6 43. Kf3 Rd4 44. Ke3 Re4+ 45. Kf3 Ra4 46. Ke3 Rc4 47. Kf3 Rg4 48. Kf2 f4 49. gxf4 Rxf4+ 50. Kg3 Rd4 51. Kh3 Kf5 52. Kg3 Rd3+ 53. Kg2 Kg4 54. Kf2 h6 55. Ke2 Rd5 56. Kf2 Kf4 57. Kg2 g5 58. hxg5 hxg5 59. Kf2 g4 60. Kg2 Rd2+ 61. Kf1 Kf3 62. Bh4 Rxd6 63. Kg1 g3 0-1


[Site "https://www.chess.com"]

[Event "Titled Tuesday Blitz April 25 Late 2023"]
[White "Sabuk, Piotr"]
[Black "Petrovic, Aleksa"]
[WhiteFideId "1137565"]
[BlackFideId "967629"]
[WhiteElo "2298"]
[BlackElo "2309"]
[Result "1-0"]
[Round "08"]
[TimeControl "180+2"]
[Date "2023.04.25"]
[WhiteClock "0:00:42"]
[BlackClock "0:00:01"]

1. d4 Nf6 2. c4 e6 3. Nf3 b6 4. a3 Bb7 5. Bf4 g6 6. Nc3 d6 7. e3 Bg7 8. Bd3 O-O 9. O-O Nbd7 10. e4 Nh5 11. Bg5 Qc8 12. Qd2 c5 13. d5 Nhf6 14. Bf4 e5 15. Bg5 Kh8 16. g3 Ng8 17. Nh4 h6 18. Be3 Qd8 19. Qe1 Qe7 20. f4 exf4 21. gxf4 Ngf6 22. h3 Rae8 23. Qf2 Nh5 24. Rae1 Ndf6 25. Bd2 Bc8 26. Kh2 Nd7 27. e5 dxe5 28. Bxg6 Bf6 29. Nf5 fxg6 30. Nxe7 Rxe7 31. Kh1 Nxf4 32. d6 1-0


[Site "https://www.chess.com"]

[Event "Titled Tuesday Blitz April 25 Late 2023"]
[White "Kucuksari, Kaan"]
[Black "Jaskolka, Tomasz"]
[WhiteFideId "6380166"]
[BlackFideId "1170791"]
[WhiteElo "2364"]
[BlackElo "2155"]
[Result "1-0"]
[Round "08"]
[TimeControl "180+2"]
[Date "2023.04.25"]
[WhiteClock "0:00:08"]
[BlackClock "0:00:12"]

1. e4 e6 2. d4 d5 3. Nc3 Bb4 4. e5 Ne7 5. Qg4 c5 6. Qxg7 Rg8 7. Qxh7 cxd4 8. a3 Qa5 9. axb4 Qxa1 10. Bb5+ Bd7 11. Bxd7+ Nxd7 12. Nce2 Nxe5 13. Nf3 Nxf3+ 14. gxf3 Rc8 15. Qd3 Nf5 16. Qb5+ Kf8 17. Qd7 Ne7 18. Kd2 d3 19. Kxd3 Qa6+ 20. b5 Qa4 21. Bh6+ Rg7 22. Bxg7+ Kxg7 23. Qxe7 Qxc2+ 24. Ke3 Qb3+ 25. Kf4 Qc4+ 26. Kg5 Qxe2 27. Qf6+ Kh7 28. Qxf7+ Kh8 29. Qf6+ Kh7 30. Qg6+ Kh8 31. Qh6+ Kg8 32. Rg1 Qxf2 33. Qxe6+ Kg7 34. Qd7+ Kf8 35. Qxc8+ Ke7 36. Qc7+ Ke6 37. Qc8+ Kd6 38. Qg4 Kc5 39. f4 Kxb5 40. f5 Qe3+ 41. Kh4 Qh6+ 42. Kg3 Qe3+ 43. Kg2 Qd2+ 44. Kh1 Qxb2 45. Qf3 Qf6 46. Qxd5+ Kb4 47. Rb1+ Kc3 48. Rb3+ Kc2 49. Qd3+ Kc1 50. Rb1# 1-0


[Site "https://www.chess.com"]

[Event "Titled Tuesday Blitz April 25 Late 2023"]
[White "Lewicki, Miroslaw"]
[Black "Meunier-Pion, Jean"]
[WhiteFideId "1113380"]
[BlackFideId "20685327"]
[WhiteElo "2212"]
[BlackElo "2124"]
[Result "1-0"]
[Round "08"]
[TimeControl "180+2"]
[Date "2023.04.25"]
[WhiteClock "0:01:05"]
[BlackClock "0:00:05"]

1. b3 e5 2. Bb2 Nc6 3. g3 d5 4. Bg2 Be6 5. d3 Qd7 6. Nf3 f6 7. O-O h5 8. h4 O-O-O 9. c4 d4 10. a3 g5 11. b4 Bg4 12. b5 Nb8 13. Qa4 a6 14. Nbd2 gxh4 15. Nxh4 Bxe2 16. Rfe1 Bxd3 17. Qb3 Bxc4 18. Nxc4 axb5 19. a4 b4 20. a5 Na6 21. Rac1 Kb8 22. Qf3 c6 23. Ng6 Rh6 24. Nxf8 Rxf8 25. Nxe5 Qd5 26. Qxd5 cxd5 27. Nd7+ Ka7 28. Nxf8 h4 29. Bxd4+ 1-0


[Site "https://www.chess.com"]

[Event "Titled Tuesday Blitz April 25 Late 2023"]
[White "Banzea, Alexandru-Bogdan"]
[Black "Moral Garcia, Serafin"]
[WhiteFideId "1232622"]
[BlackFideId "2201925"]
[WhiteElo "2294"]
[BlackElo "2274"]
[Result "1-0"]
[Round "08"]
[TimeControl "180+2"]
[Date "2023.04.25"]
[WhiteClock "0:01:05"]
[BlackClock "0:00:19"]

1. d4 Nf6 2. Nc3 d5 3. Bf4 c5 4. e3 Nc6 5. Nb5 e5 6. dxe5 Qa5+ 7. c3 a6 8. Nc7+ Qxc7 9. exf6 Qb6 10. fxg7 Bxg7 11. Qb3 Qxb3 12. axb3 d4 13. Rc1 Be6 14. Bc4 Bxc4 15. bxc4 O-O-O 16. Nf3 dxc3 17. bxc3 Rd3 18. Ke2 Rxc3 19. Ng5 Rxc1 20. Rxc1 Nd8 21. Ne4 b6 22. Nd6+ Kd7 23. Rd1 Kc6 24. Nf5 Bf8 25. Rxd8 1-0


[Site "https://www.chess.com"]

[Event "Titled Tuesday Blitz April 25 Late 2023"]
[White "Bruedigam, Martin"]
[Black "Kubatko, Ivan"]
[WhiteFideId "24608033"]
[BlackFideId "24111473"]
[WhiteElo "2331"]
[BlackElo "2285"]
[Result "1-0"]
[Round "08"]
[TimeControl "180+2"]
[Date "2023.04.25"]
[WhiteClock "0:01:10"]
[BlackClock "0:00:04"]

1. d4 d5 2. c4 e6 3. Nc3 c5 4. cxd5 cxd4 5. Qxd4 Nc6 6. Qd1 exd5 7. e3 Nf6 8. Nf3 Bd6 9. Be2 O-O 10. O-O a6 11. b3 Bc7 12. Bb2 Qd6 13. Rc1 Bg4 14. g3 Bh3 15. Re1 Rfe8 16. Nd4 Rad8 17. Bf3 Bb8 18. Nxc6 bxc6 19. Ne2 Ne4 20. Nf4 Bf5 21. Qd4 f6 22. Red1 Qd7 23. Bg2 Ba7 24. Qa4 Nxf2 25. Kxf2 Bxe3+ 26. Kf1 Bxf4 27. Qxf4 Be4 28. Re1 Qa7 29. Bxe4 dxe4 30. Rxe4 Rxe4 31. Qxe4 h5 32. Re1 1-0


[Site "https://www.chess.com"]

[Event "Titled Tuesday Blitz April 25 Late 2023"]
[White "Di Berardino, Diego Rafael"]
[Black "Le Goff, Ronan"]
[WhiteFideId "2105446"]
[BlackFideId "612073"]
[WhiteElo "2432"]
[BlackElo "2275"]
[Result "0-1"]
[Round "08"]
[TimeControl "180+2"]
[Date "2023.04.25"]
[WhiteClock "0:00:02"]
[BlackClock "0:01:32"]

1. e4 e5 2. Nf3 Nc6 3. Bb5 a6 4. Ba4 Nf6 5. O-O b5 6. Bb3 Be7 7. Re1 O-O 8. d4 d6 9. c3 Bg4 10. Be3 Re8 11. h3 Bh5 12. Nbd2 Bf8 13. d5 Na5 14. Bc2 Qd7 15. b4 Nb7 16. a4 c6 17. Bg5 Be7 18. Bb3 cxd5 19. Bxf6 Bxf6 20. Bxd5 Rac8 21. Qb3 Nd8 22. axb5 axb5 23. Ra6 Ne6 24. g4 Nf4 25. Kh2 Bxg4 26. Rg1 Bxf3 27. Rg3 Bh5 28. Nf1 Nxd5 29. Qxd5 Red8 0-1


[Site "https://www.chess.com"]

[Event "Titled Tuesday Blitz April 25 Late 2023"]
[White "Shapiro, Viktor"]
[Black "Rosen, Eric"]
[WhiteFideId "4175700"]
[BlackFideId "2032562"]
[WhiteElo "2152"]
[BlackElo "2331"]
[Result "1-0"]
[Round "08"]
[TimeControl "180+2"]
[Date "2023.04.25"]
[WhiteClock "0:01:05"]
[BlackClock "0:00:02"]

1. c4 e6 2. Nc3 d5 3. d4 Nf6 4. Nf3 Nbd7 5. Bg5 c6 6. e3 Qa5 7. Nd2 Bb4 8. Qc2 e5 9. Nb3 Qc7 10. Bxf6 Nxf6 11. a3 Bxc3+ 12. Qxc3 exd4 13. Qxd4 O-O 14. Rc1 dxc4 15. Bxc4 Bf5 16. O-O Ng4 17. Qf4 Qxf4 18. exf4 Rad8 19. Rfe1 Rd7 20. f3 Nf6 21. g4 Be6 22. Rxe6 fxe6 23. Bxe6+ Kh8 24. Bxd7 Nxd7 25. Rd1 Nb6 26. f5 g6 27. fxg6 Rxf3 28. Rd8+ Kg7 29. Nd4 Rf6 30. gxh7 Kxh7 31. Kg2 Nc4 32. Rd7+ Kg8 33. g5 Rf4 34. Ne6 Re4 35. Rg7+ Kh8 36. Re7 Ne3+ 37. Kf3 Re5 38. Kf4 1-0


[Site "https://www.chess.com"]

[Event "Titled Tuesday Blitz April 25 Late 2023"]
[White "Rangel, Daniel"]
[Black "Martinez Reyes, Pedro Ramon"]
[WhiteFideId "2124475"]
[BlackFideId "3901807"]
[WhiteElo "2256"]
[BlackElo "2340"]
[Result "1/2-1/2"]
[Round "08"]
[TimeControl "180+2"]
[Date "2023.04.25"]
[WhiteClock "0:00:07"]
[BlackClock "0:00:10"]

1. c4 Nf6 2. Nc3 c6 3. d4 b5 4. cxb5 cxb5 5. Nxb5 Bb7 6. Nf3 e6 7. Nc3 Bb4 8. Bd2 O-O 9. e3 a5 10. Bd3 Na6 11. O-O Rb8 12. Ne5 d6 13. Ng4 Nd5 14. e4 Nb6 15. Qe2 Nc7 16. e5 dxe5 17. Qxe5 Bd6 18. Qh5 f5 19. Rad1 Ncd5 20. Bg5 Qc7 21. Bb1 Nc4 22. Nxd5 Bxd5 23. Rde1 Rxb2 24. Ne5 Nxe5 25. dxe5 Bc5 26. Be3 Rfb8 27. Rc1 Rxb1 28. Rxb1 Bxe3 29. Rxb8+ Qxb8 30. fxe3 g6 31. Qg5 Qxe5 32. Qf4 Qb2 33. Rf2 Qc1+ 34. Rf1 Qc2 35. Rf2 Qc6 36. h4 h5 37. Qe5 Kf7 38. Qh8 Qc1+ 39. Kh2 Qxe3 40. Qh7+ Kf6 41. Qh8+ Kf7 42. Qh7+ Kf8 43. Qh8+ Ke7 44. Qg7+ Kd6 45. Qf8+ Kd7 46. Qf7+ Kd8 47. Qf8+ Kd7 48. Qf7+ Kd6 49. Qf8+ Ke5 50. Qb8+ Kf6 51. Qf8+ Ke5 52. Qb8+ Ke4 53. Qb2 Bc4 54. g3 e5 55. Qc2+ Bd3 56. Qc6+ Kd4 57. Qb6+ Ke4 58. Qc6+ Kd4 59. Rb2 Bc4 60. Qb6+ Kd3 61. Qd6+ Qd4 62. Qa3+ Ke4 63. Rg2 Bd5 64. Qc1 Qe3 65. Qb1+ Kf3 66. Qf1+ Kg4 67. Re2 Qf3 68. Qxf3+ Kxf3 69. Rxe5 Bxa2 70. Rxa5 Bb1 71. Ra7 f4 72. gxf4 Bf5 73. Ra4 Kg4 74. Rd4 Kxh4 75. Kg2 Kg4 76. Kf2 h4 77. Kg2 h3+ 78. Kh2 Kh4 79. Rb4 Kh5 80. Kg3 Kh6 81. Rb8 Kg7 82. Rb2 Kh6 83. Kh4 Kg7 84. Kg5 Kf7 85. Re2 Kf8 86. Rh2 Ke7 87. Kh4 Ke6 88. Kg3 Kd5 89. Rxh3 Bxh3 90. Kxh3 Ke6 91. Kg4 Kf6 92. Kg3 Kf5 93. Kf3 g5 94. fxg5 Kxg5 1/2-1/2


[Site "https://www.chess.com"]

[Event "Titled Tuesday Blitz April 25 Late 2023"]
[White "Pesotskiy, Mikhail"]
[Black "Janaszak, Dawid"]
[WhiteFideId "34164453"]
[BlackFideId "1119206"]
[WhiteElo "2131"]
[BlackElo "2220"]
[Result "1-0"]
[Round "08"]
[TimeControl "180+2"]
[Date "2023.04.25"]
[WhiteClock "0:00:10"]
[BlackClock "0:00:03"]

1. d4 Nf6 2. c4 g6 3. Nc3 d5 4. Bg5 Bg7 5. Bxf6 Bxf6 6. cxd5 c6 7. e3 cxd5 8. Bb5+ Kf8 9. Nf3 Kg7 10. O-O Bf5 11. Bd3 Bg4 12. Qb3 Bxf3 13. gxf3 e6 14. Qxb7 Nd7 15. Qa6 h5 16. f4 h4 17. h3 Rh5 18. Be2 Rh8 19. Rac1 g5 20. fxg5 Bxg5 21. f4 Be7 22. Kh2 Qb8 23. Qb5 Qd6 24. Rg1+ Kf8 25. Na4 Rb8 26. Qc6 Nb6 27. Qxd6 Bxd6 28. Nxb6 axb6 29. Kg2 Ke7 30. Kf3 Rhg8 31. Bb5 Ra8 32. a4 Rab8 33. b3 Ra8 34. Rg4 Rxg4 35. hxg4 Rh8 36. Rh1 f6 37. Bf1 e5 38. Bb5 exf4 39. exf4 f5 40. gxf5 Kf6 41. Bd7 Rh7 42. Be6 h3 43. Bxd5 Rh4 44. Be6 Bxf4 45. d5 Bd6 46. Ke3 h2 47. Kf3 Bc5 48. Kg2 Rg4+ 49. Kxh2 Bd6+ 50. Kh3 Kg5 51. Rf1 Rg3+ 52. Kh2 Rg4+ 53. Kh1 Kh4 54. Rg1 Rxg1+ 55. Kxg1 Kg5 56. Kf2 Kf6 57. Ke3 Ke5 58. Kd3 Bc5 59. Kc4 Be3 60. Kb5 Bf2 61. b4 Be3 62. Ka6 Bd4 63. a5 bxa5 64. bxa5 Kd6 65. Kb7 Ke7 66. a6 1-0


[Site "https://www.chess.com"]